 Dungeon Crawl Stone Soup version 0.29.1-1-gd02db6906a (webtiles) character file.

Game seed: 16855861852311952706

164 themarg the Conjurer (level 5, -8/28 HPs)
             Began as a Tengu Conjurer on Sept 18, 2022.
             Mangled by an orc warrior
             ... wielding a +0 halberd
              (11 damage)
             ... on level 4 of the Dungeon on Sept 19, 2022.
             The game lasted 00:15:44 (3473 turns).

themarg the Conjurer (Tengu Conjurer)               Turns: 3473, Time: 00:15:45

Health: -8/28      AC:  2    Str:  7    XL:     5   Next: 45%
Magic:  5/11       EV: 14    Int: 21    God:
Gold:   158        SH:  0    Dex: 12    Spells: 7/10 levels left

rFire   . . .      SeeInvis +   c - +0 short sword
rCold   . . .      Faith    .   (no shield)
rNeg    . . .      Spirit   .   a - +0 robe
rPois   .          Reflect  .   (helmet restricted)
rElec   .          Harm     .   (no cloak)
rCorr   .          Rampage  .   (no gloves)
Will    .....                   (boots unavailable)
Stlth   ++........              (no amulet)
HPRegen 0.09/turn               i - ring of flight
MPRegen 0.12/turn               q - ring of see invisible

@: flying quickly and evasively, quick
A: beak, talons 3, nimble flight
a: no special abilities


You were on level 4 of the Dungeon.
You visited 1 branch of the dungeon, and saw 4 of its levels.

You collected 180 gold pieces.
You spent 22 gold pieces at shops.

Inventory:

Hand Weapons
 c - a +0 short sword (weapon)
Missiles
 f - 6 poisoned darts
 g - 2 atropa-tipped darts
Armour
 a - a +0 robe (worn)
Jewellery
 i - a ring of flight (left hand)
 q - a ring of see invisible (right hand)
Wands
 o - a wand of digging (4)
Scrolls
 e - 2 scrolls of enchant armour
 h - a scroll of magic mapping {unknown}
 j - 2 scrolls of noise
 l - a scroll of immolation {unknown}
 n - a scroll of torment
 p - a scroll of teleportation {unknown}
Potions
 b - a potion of magic
 d - a potion of curing
 k - a potion of cancellation {unknown}


   Skills:
 - Level 2.3 Dodging
 - Level 3.0 Stealth
 + Level 3.3 Spellcasting
 + Level 6.6 Conjurations
 - Level 2.0 Air Magic


You had 7 spell levels left.
You knew the following spells:

 Your Spells              Type           Power      Damage    Failure   Level
a - Magic Dart            Conj           100%       1d8       1%          1
b - Searing Ray           Conj           62%        2d6       1%          2

Your spell library contained the following spells:

 Spells                   Type           Power      Damage    Failure   Level
 Dazzling Flash           Conj/Hex       34%        N/A       10%         3
 Mephitic Cloud           Conj/Pois/Air  15%        N/A       12%         3
 Blink                    Tloc           6%         N/A       19%         2
 Call Imp                 Summ           3%         N/A       19%         2
 Fulminant Prism          Conj/Hex       8%         3d7       32%         4
 Iskenderun's Mystic Bla  Conj/Tloc      17%        2d5       32%         4
 Lesser Beckoning         Tloc           3%         N/A       36%         3
 Summon Guardian Golem    Hex/Summ       3%         N/A       36%         3
 Manifold Assault         Tloc           3%         N/A       98%         5
 Summon Forest            Summ/Tloc      1%         N/A       98%         5
 Summon Mana Viper        Hex/Summ       3%         N/A       98%         5
 Summon Cactus Giant      Summ           1%         N/A       100%        6
 Orb of Destruction       Conj           15%        9d7       100%        7
 Spellforged Servitor     Conj/Summ      8%         N/A       100%        7


Dungeon Overview and Level Annotations

Branches:
Dungeon (4/15)
 Temple: D:4-7

Altars:
Cheibriados
Dithmenos
Qazlal
Xom
Yredelemnul

Shops:
D:2 *

Annotations:
D:2 exclusion: ogre


Innate Abilities, Weirdness & Mutations

You have a beak for a mouth.
You have claws for feet.
Your magical nature lets you fly swiftly and evasively.


Message History

Beogh smites you!
* * * LOW HITPOINT WARNING * * *
It was a potion of curing.
You feel better.
The orc priest invokes the aid of Beogh against you.
Pain shoots through your body!
* * * LOW HITPOINT WARNING * * *
The orc priest hits you but does no damage.
Casting: Searing Ray (safe; 1% risk of failure)
Confirm with . or Enter, or press ? or * to list all spells.
Aiming: Searing Ray (safe; 1% risk of failure)
Press: ? - help, Shift-Dir - straight line, f/p - orc priest
Aim: an orc priest, wielding a +0 short sword (almost dead, 79% to hit)
The searing ray hits the orc priest.
You kill the orc priest! (Press . to maintain the ray.) Training target 2.0 for Air Magic reached!
Your Air Magic skill increases to level 2!
You start resting.
A goblin comes into view. It is wielding a +0 club.
You hear the brisk rusting of a very distant drain.
You start resting.
An orc warrior comes into view. It is wielding a +0 halberd.
The orc warrior shouts!
You hear a shout!
Casting: Searing Ray (safe; 1% risk of failure)
Confirm with . or Enter, or press ? or * to list all spells.
Aiming: Searing Ray (safe; 1% risk of failure)
Press: ? - help, Shift-Dir - straight line, f - orc warrior
Aim: an orc warrior, wielding a +0 halberd and wearing a +0 chain mail (77% to hit)
The searing ray hits the orc warrior!
The orc warrior is moderately wounded. (Press . to maintain the ray.)
The searing ray hits the orc warrior but does no damage.
The orc warrior is moderately wounded.
An orc comes into view. It is wielding a +0 vampiric hand axe.
The orc warrior hits you from afar with a +0 halberd.
* * * LOW HITPOINT WARNING * * *
As you read the scroll of identify, it crumbles to dust.
n - a scroll of torment The orc warrior hits you from afar with a +0 halberd!
You die...

## .# .# ### .#
##.# .# ##.## #.##
##@## ##..####.##
#...##.o##
#..###)o..########
o.. #...........#
. #..†...####..#
#..#..###
#..###.## #.##
#..########


You could see an orc warrior and an orc.

Vanquished Creatures
  An orc priest (D:4)
  A hound (D:4)
  2 gnolls (D:2)
  2 adders (D:4)
  A worm (D:3)
  A dart slug (D:4)
  6 endoplasms
  3 giant cockroaches
  5 hobgoblins
  5 jackals
  6 quokkas
  3 ball pythons
  7 bats
  4 frilled lizards
  6 goblins (D:1)
  A kobold (D:1)
  8 rats
62 creatures vanquished.

Vanquished Creatures (others)
  A withered plant (D:1)
1 creature vanquished.

Grand Total: 63 creatures vanquished

Notes
Turn   | Place    | Note
-------+----------+-------------------------------------------
     0 | D:1      | themarg the Tengu Conjurer began the quest for the Orb.
     0 | D:1      | Reached XP level 1. HP: 10/10 MP: 4/4
    97 | D:1      | Reached XP level 2. HP: 15/15 MP: 3/6
   101 | D:1      | Learned a level 2 spell: Searing Ray
   529 | D:1      | Found a faded altar of an unknown god.
   651 | D:1      | Reached XP level 3. HP: 19/19 MP: 2/7
  1155 | D:2      | Noticed an ogre
  1162 | D:2      | Found Goem's General Store.
  1537 | D:2      | Reached skill level 6 in Conjurations
  1714 | D:2      | Reached XP level 4. HP: 24/24 MP: 5/9
  1793 | D:2      | Bought a scroll of identify for 22 gold pieces
  2076 | D:3      | Found a basalt altar of Yredelemnul.
  2076 | D:3      | Found a stormy altar of Qazlal.
  2077 | D:3      | Found a shadowy altar of Dithmenos.
  2621 | D:3      | Found a snail-covered altar of Cheibriados.
  3297 | D:4      | Reached skill level 1 in Air Magic
  3298 | D:4      | Gained mutation: Your magical nature lets you fly swiftly
                  | and evasively. [Tengu growth]
  3298 | D:4      | Reached XP level 5. HP: 24/28 MP: 5/10
  3314 | D:4      | Found a shimmering altar of Xom.
  3414 | D:4      | HP: 1/28 [orc priest/divine providence (11)]
  3466 | D:4      | Noticed an orc warrior
  3473 | D:4      | Mangled by an orc warrior

Illustrated notes

Levels and vault maps discovered:
D:1:      tarquinn_simple_flora_water_d, layout_rooms,
          ebering_ecumenical_altar_petrified
D:2:      layout_rooms, serial_shops, shop
D:3:      layout_loops_corners, nicolae_overflow_quartered_altars
D:4:      layout_layer_cave, kennysheep_little_box, gup_sewer_entry_glass,
          uniq_natasha

Skill      XL: |  1  2  3  4  5 |
---------------+----------------+-----
Conjurations   | 6 |  6.6
Stealth        | 3 |  3.0
Spellcasting   | 3 |  3.3
Air Magic      | 1 2 |  2.0
Dodging        | |  2.3

Action                   |  1- 3 |  4- 6 || total
-------------------------+-------+-------++-------
Melee: Short sword       |     2 |     2 ||     4
       Kick              |       |     2 ||     2
       Punch             |       |     1 ||     1
 Cast: Magic Dart        |    67 |    21 ||    88
       Searing Ray       |    10 |    10 ||    20
  Use: Scroll            |       |     3 ||     3
       Potion            |       |     1 ||     1
Armor: Robe              |     1 |     1 ||     2
Dodge: Dodged            |     8 |     5 ||    13
